 Dungeon Crawl Stone Soup version 0.26.1-11-gd32895ea62 (webtiles) character file.

Game seed: 7324901397240577052

201 ubername the Digger (level 5, -3/28 HPs)
             Began as a Gargoyle Earth Elementalist on Apr 26, 2021.
             Killed from afar by Sigmund (9 damage)
             ... with a puff of flame
             ... on level 3 of the Dungeon.
             The game lasted 00:06:41 (3387 turns).

ubername the Digger (Gargoyle Earth Elementalist)   Turns: 3387, Time: 00:06:42

Health: -3/28      AC:  6    Str: 11    XL:     5   Next: 79%
Magic:  9/9        EV: 12    Int: 17    God:
Gold:   147        SH:  0    Dex: 10    Spells: 6/9 levels left

rFire    . . .     SeeInvis .   o - +0 mace
rCold    . . .     Faith    .   (no shield)
rNeg     + . .     Spirit   .   c - +0 robe
rPois    ∞         Reflect  .   (no helmet)
rElec    +         Harm     .   (no cloak)
rCorr    .         Rampage  .   (no gloves)
Will     .....                  (no boots)
Stlth    ++........             (no amulet)
HPRegen  0.09/turn              (no ring)
MPRegen  0.11/turn              (no ring)

@: brilliant, berserk cooldown, slowed, very slow
A: negative energy resistance 1, electricity resistance, unbreathing,
petrification resistance, miasma immunity, AC +4
a: no special abilities


You were on level 3 of the Dungeon.
You visited 1 branch of the dungeon, and saw 3 of its levels.

You collected 147 gold pieces.

Inventory:

Hand Weapons
 a - a +0 club
 d - a +0 hand axe of freezing
 o - a +0 mace (weapon)
Missiles
 b - 103 stones
 s - 2 curare-tipped darts
Armour
 c - a +0 robe (worn)
Jewellery
 n - an uncursed ring of resist corrosion {unknown}
 q - an uncursed amulet of magic regeneration {unknown}
Scrolls
 e - 4 scrolls of teleportation {unknown}
 i - 4 scrolls of identify {unknown}
 k - a scroll of fear {unknown}
 m - a scroll of magic mapping {unknown}
 p - a scroll of enchant armour {unknown}
 t - 2 scrolls of noise {unknown}
Potions
 h - a potion of flight {unknown}
 j - a potion of heal wounds {unknown}
 l - a potion of might {unknown}
 r - a potion of degeneration {unknown}


   Skills:
 - Level 0.7 Fighting
 - Level 1.7 Maces & Flails
 - Level 1.6 Dodging
 + Level 3.5 Stealth
 * Level 2.9 Spellcasting
 - Level 0.7 Transmutations
 * Level 5.6 Earth Magic


You had 6 spell levels left.
You knew the following spells:

 Your Spells              Type           Power        Failure   Level
a - Sandblast             Erth           64%          1%          1
b - Passwall              Tmut/Erth      15%          8%          2

Your spell library contained the following spells:

 Spells                   Type           Power        Failure   Level
 Stone Arrow              Conj/Erth      36%          17%         3
 Petrify                  Tmut/Erth      19%          43%         4
 Lee's Rapid Deconstruct  Erth           16%          43%         5


Dungeon Overview and Level Annotations

Branches:
Dungeon (3/15)

Altars:
Fedhas
Vehumet

Annotations:
D:3 Sigmund


Innate Abilities, Weirdness & Mutations

You are resistant to torment.
Your stone body is resilient. (AC +4)
You are immune to poison.
You resist negative energy. (rN+)
You are resistant to electric shocks. (rElec)
You can survive without breathing.
You are immune to petrification.
You are immune to miasma.


Message History

Sigmund hits you from afar with a +0 scythe.
Sigmund hits you from afar with a +0 scythe!
* * * LOW HITPOINT WARNING * * *
It was a potion of brilliance.
You feel clever all of a sudden.
It was a potion of berserk rage.
A red film seems to cover your vision as you go berserk!
You feel yourself moving faster!
You feel mighty! Sigmund misses you.
You're too confused to move!
You feel a strong urge to attack something.
Sigmund barely misses you.
You feel less confused.
You feel your anger nearly subside.
You are no longer berserk.
You are exhausted.
You feel yourself slow down. The goblin hits you but does no damage.
You barely miss Sigmund.
Sigmund is severely wounded.
Sigmund casts a spell at you. The puff of flame hits you!
You die...

..... .... ..# . ..# #...
.... .[#....##...... ....
..#....○..☼.... ....
..#......○..... ...
#.#.....○....######.###..
#.#......☼☼....@.<.......
#.#....°........@g.......
#.#....#.##..............
#.#......##..............
#.#....####.............!
..#....# #..............
..#....# ##..............
.......###...............
..#.....................
..'.....................


You could see Sigmund and a goblin.

Vanquished Creatures
  An ogre (D:2)
  4 adders
  A worm (D:2)
  4 dart slugs
  3 leopard geckos
  2 orcs (D:3)
  2 ball pythons
  5 bats
  A giant cockroach (D:3)
  9 goblins
  8 hobgoblins
  6 jackals (D:1)
  7 kobolds
  A quokka (D:2)
  3 frilled lizards (D:2)
  8 rats
65 creatures vanquished.

Vanquished Creatures (others)
  A plant (D:2)
1 creature vanquished.

Grand Total: 66 creatures vanquished

Notes
Turn   | Place    | Note
-------+----------+-------------------------------------------
     0 | D:1      | ubername the Gargoyle Earth Elementalist began the quest
                  | for the Orb.
     0 | D:1      | Reached XP level 1. HP: 10/10 MP: 3/3
    50 | D:1      | Reached skill level 4 in Earth Magic
   123 | D:1      | Reached XP level 2. HP: 15/15 MP: 1/5
   717 | D:1      | Reached XP level 3. HP: 19/19 MP: 4/6
  1530 | D:1      | Reached skill level 5 in Earth Magic
  1779 | D:2      | Reached XP level 4. HP: 23/24 MP: 7/7
  1801 | D:2      | Noticed an ogre
  1807 | D:2      | Killed an ogre
  1808 | D:2      | Reached skill level 1 in Maces & Flails
  1808 | D:2      | Reached XP level 5. HP: 25/28 MP: 1/9
  2062 | D:2      | Found a blossoming altar of Fedhas.
  3020 | D:3      | Learned a level 2 spell: Passwall
  3277 | D:3      | Found a radiant altar of Vehumet.
  3295 | D:3      | Noticed Sigmund
  3387 | D:3      | Killed from afar by Sigmund

Illustrated notes

Levels and vault maps discovered:
D:1:      matt_arrival_diagonals, layout_basic
D:2:      layout_loops_corners, fedhas_altar_1, minmay_circle_x
D:3:      gammafunk_steamed_eel, layout_basic, marbit_many_paths,
          fiery_altar_vehumet, lemuel_angel_altar, uniq_sigmund

Skill      XL: |  1  2  3  4 |
---------------+-------------+-----
Earth Magic    | 4 5 |  5.6
Maces & Flails | 1 |  1.7
Stealth        | 3 |  3.5
Fighting       | |  0.7
Dodging        | |  1.6
Spellcasting   | |  2.9
Transmutations | |  0.7

Action                   |  1- 3 |  4- 6 || total
-------------------------+-------+-------++-------
Melee: Club              |   111 |     2 ||   113
       Mace              |       |    94 ||    94
 Cast: Sandblast         |    16 |    18 ||    34
       Passwall          |       |     2 ||     2
  Use: Potion            |       |     2 ||     2
 Stab: Sleeping          |     3 |     3 ||     6
Armor: Robe              |    44 |    40 ||    84
Dodge: Dodged            |   118 |   102 ||   220
